 Dungeon Crawl Stone Soup version 0.19-a0-1493-gd0fcaa6 (webtiles) character file.

10680 Vasilisck the Grand Scion (level 11, -2/87 HPs)
             Began as a Naga Venom Mage on Sept 9, 2016.
             Was a High Priest of Hepliaklqana.
             Slain by a wyvern (5 damage)
             ... on level 11 of the Dungeon.
             The game lasted 00:59:02 (14887 turns).

Vasilisck the Grand Scion (Naga Venom Mage)        Turns: 14887, Time: 00:59:03

Health: -2/87      AC: -2    Str: 15    XL:     11   Next: 65%
Magic:  6/20       EV: 10    Int: 17    God:    Hepliaklqana [*****.]
Gold:   336        SH:  0    Dex: 11    Spells: 3 memorised, 12 levels left

rFire  . . .     SeeInvis +     K - +4 halberd (pain)
rCold  . . .     Gourm    +     a - +0 robe
rNeg   . . .     Faith    .     (shield currently unavailable)
rPois  +         Spirit   .     (no helmet)
rElec  .         Dismiss  .     F - +0 cloak
rCorr  +         Reflect  .     (no gloves)
MR     +....     Harm     .     (no barding)
Stlth  ++........               O - amulet of the gourmand
                                M - ring of see invisible
                                Q - ring of resist corrosion

@: short of breath, corroded, very slow
A: stinger 2, see invisible, deformed body, poison resistance, slowness 2, slow
metabolism 1, spit poison 1, strong 1, AC +3
a: Spit Poison, Recall Ancestor, Ancestor Identity, Transference, Idealise,
Renounce Religion


You were on level 11 of the Dungeon.
You worshipped Hepliaklqana.
Hepliaklqana was extremely pleased with you.
You were not hungry.

You visited 1 branch of the dungeon, and saw 11 of its levels.

You collected 688 gold pieces.
You spent 352 gold pieces at shops.

Inventory:

Hand Weapons
 D - a +1 antimagic trident
 K - a +4 halberd of pain (weapon)
Armour
 a - a +0 robe (worn)
 F - a +0 cloak (worn)
Jewellery
 n - an uncursed ring of poison resistance
 M - a ring of see invisible (right hand)
 O - an amulet of the gourmand (around neck)
 Q - a ring of resist corrosion (left hand)
Wands
 l - a wand of confusion (35/48)
 m - a wand of polymorph (14/24)
 t - a wand of iceblast (3/15)
 w - a wand of lightning (6/15)
 E - a wand of polymorph (8/24)
 H - a wand of paralysis (10/24)
Scrolls
 d - 7 scrolls of remove curse
 e - a scroll of random uselessness
 f - a scroll of recharging {unknown}
 g - a scroll of magic mapping {unknown}
 h - a scroll of teleportation
 j - 9 scrolls of identify
 k - a scroll of immolation
 r - a scroll of acquirement {unknown}
 y - a scroll of blinking {unknown}
 B - a scroll of brand weapon {unknown}
 G - a scroll of silence {unknown}
 J - a scroll of amnesia
 N - a scroll of enchant weapon {unknown}
 P - a scroll of enchant armour {unknown}
Potions
 p - 3 potions of agility
 q - a potion of berserk rage
 s - 2 potions of might {unknown}
 v - a potion of invisibility
 z - 2 potions of magic
 A - 2 potions of flight {unknown}
 C - a potion of ambrosia {unknown}
 I - a potion of brilliance {unknown}
 L - 2 potions of lignification {unknown}
Books
 b - a Young Poisoner's Handbook

   Spells                             Type                      Level
   a - Sting                          Conjuration/Poison           1
   b - Mephitic Cloud                 Conjuration/Poison/Air       3
   c - Olgreb's Toxic Radiance        Poison                       4
   d - Alistair's Intoxication        Transmutation/Poison         5
   e - Venom Bolt                     Conjuration/Poison           5
Comestibles
 c - 4 bread rations
 i - 8 fruits
 o - 10 royal jellies
 x - 2 meat rations


   Skills:
 - Level 6.1 Fighting
 - Level 6.2 Polearms
 - Level 1.5 Dodging
 - Level 3.0 Stealth
 - Level 5.4 Spellcasting
 - Level 5.4 Conjurations
 - Level 4.3 Air Magic
 - Level 8.9 Poison Magic
 + Level 12.4 Invocations


You had 12 spell levels left.
You knew the following spells:

 Your Spells              Type           Power        Failure   Level  Hunger
a - Sting                 Conj/Pois      ####         1%          1    None
b - Olgreb's Toxic Radia  Pois           #####...     4%          4    ####...
c - Mephitic Cloud        Conj/Pois/Air  ####....     3%          3    ##.....


Dungeon Overview and Level Annotations

Branches:
Dungeon (11/15)              Lair (0/6) D:10            Orc (0/2) D:11
 Temple: D:4-7

Altars:
Cheibriados
Gozag
Hepliaklqana
Nemelex Xobeh
Okawaru
Qazlal
Uskayaw
Vehumet
Xom
Yredelemnul
Zin
The Shining One

Shops:
D:6 (   D:7 [   D:8 *   D:9 (


Innate Abilities, Weirdness & Mutations

You cannot wear boots.
Your serpentine skin is tough. (AC +3)
You have supernaturally acute eyesight. (SInv)
Armour fits poorly on your strangely shaped body.
Your system is resistant to poisons. (rPois)
You cover ground very slowly.
You have a slow metabolism.
You can spit poison.
Your tail ends in a sharp poisonous barb.
Your muscles are strong. (Str +2)


Message History

Press: ? - help, Shift-Dir - straight line, p - brown ugly thing The mass of ice explodes!
The iceblast engulfs the brown ugly thing.
You kill the brown ugly thing!
Evoking this partially-identified wand wasted a few charges.
You hear a shout!
You hear a bellow! x2
You kill the orc warrior!
Casting: Olgreb's Toxic Radiance
Confirm with . or Enter, or press ? or * to list all spells.
Aiming: Mephitic Cloud
Press: ? - help, Shift-Dir - straight line The ball explodes into a vile cloud!
The stinking cloud engulfs you!
The stinking cloud engulfs the wyvern.
The wyvern is severely wounded.
You hear an angry hiss.
The wyvern closely misses you.
An orc wizard comes into view. It is wielding a dagger.
The wyvern is engulfed in noxious fumes.
The wyvern appears confused.
The wyvern bites you.
You die...

##################[(.......)....
...........#.[########....
...o.......####......#....
......|..............#....
..........#####......#....
#'###....)# #......#.... #...§.#
#......#.... #.).§l#
#..#####.... #...§@# #.)#
....... #.....# #.)# .......
#.....#####..#...<....
#.....)......######.##
#........###......# # .........
#.##.### # .......... #.##.## #
...........#.###...# # #...'.8.#
#


You could see a wyvern (confused) and an orc wizard.

Vanquished Creatures
  An unseen horror (D:9)
  An ugly thing (D:11)
  A centaur zombie (D:11)
  Maurice (D:9)
  A queen bee (D:10)
  Grinder (D:6)
  A wyvern (D:8)
  A shadow (D:11)
  A vampire (D:8)
  A hippogriff (D:9)
  A hungry ghost (D:10)
  A sky beast (D:11)
  A slave (D:9)
  4 ice beasts
  3 orc warriors (D:11)
  2 black bears (D:10)
  4 ogres
  A centaur (D:9)
  A big kobold (D:10)
  A giant frog (D:8)
  17 killer bees
  3 wights (D:9)
  An electric eel (D:10)
  2 howler monkeys (D:8)
  4 crimson imps
  A giant frog zombie (D:9)
  4 hounds
  A jelly (D:8)
  4 orc priests
  8 orc wizards
  5 iguanas
  6 worker ants
  A hound skeleton (D:9)
  A gnoll (D:3)
  7 adders
  2 shadow imps
  9 oozes
  2 worms
  3 dart slugs
  4 giant geckos
  29 orcs
  A ball python (D:1)
  8 bats
  5 giant cockroaches
  8 goblins (D:1)
  9 hobgoblins
  6 jackals
  13 kobolds
  A quokka (D:4)
  4 giant newts
  A quokka skeleton (D:5)
  7 rats
206 creatures vanquished.

Vanquished Creatures (collateral kills)
  Pikel (D:9)
  A centaur skeleton (D:11)
  A slime creature (D:6)
  Sigmund (D:3)
  Grum (D:8)
  An orc warrior (D:6)
  2 ice beasts
  A sky beast (D:10)
  A phantom (D:7)
  3 ogres
  2 wasps
  2 wolves (D:8)
  An eye of draining (D:9)
  3 centaurs (D:10)
  A big kobold (D:7)
  A giant frog (D:8)
  A scorpion (D:7)
  3 wights (D:9)
  7 killer bees
  4 howler monkeys
  3 electric eels (D:10)
  4 crimson imps
  A giant frog zombie (D:10)
  A giant frog skeleton (D:8)
  2 hounds
  5 orc wizards
  An iguana (D:9)
  5 jellies
  5 orc priests
  3 worker ants
  A hound zombie (D:10)
  3 gnolls (D:3)
  3 adders
  9 oozes
  2 adder zombies
  A worm (D:3)
  A dart slug (D:3)
  2 giant geckos
  30 orcs
  A giant cockroach (D:8)
  A goblin (D:3)
  2 hobgoblins (D:3)
  3 jackals
  5 kobolds
  3 quokkas
  A giant newt (D:3)
136 creatures vanquished.

Vanquished Creatures (others)
  An eye of draining (D:9)
  An ogre (D:9)
  5 knights
  An adder (D:9)
  2 ancestors
  6 fungi (D:6)
16 creatures vanquished.

Grand Total: 358 creatures vanquished

Notes
Turn   | Place    | Note
-------+----------+-------------------------------------------
     0 | D:1      | Vasilisck the Naga Venom Mage began the quest for the Orb.
     0 | D:1      | Reached XP level 1. HP: 15/15 MP: 3/3
   106 | D:1      | Reached skill level 1 in Conjurations
   109 | D:1      | Reached XP level 2. HP: 11/22 MP: 0/5
   674 | D:1      | Reached XP level 3. HP: 22/28 MP: 4/6
  1713 | D:1      | Gained mutation: Your muscles are strong. (Str +2) [potion of mutation]
  1713 | D:1      | Gained mutation: Your tail ends in a poisonous barb. [potion of mutation]
  1713 | D:1      | Gained mutation: Your tail ends in a sharp poisonous barb. [potion of mutation]
  2071 | D:2      | Reached XP level 4. HP: 31/36 MP: 3/7
  2246 | D:2      | Learned a level 4 spell: Olgreb's Toxic Radiance
  2250 | D:2      | Learned a level 3 spell: Mephitic Cloud
  2452 | D:2      | Found a stormy altar of Qazlal.
  2456 | D:2      | Found an opulent altar of Gozag.
  2458 | D:2      | Found a basalt altar of Yredelemnul.
  2458 | D:2      | Found a sparkling altar of Nemelex Xobeh.
  2460 | D:2      | Found a radiant altar of Vehumet.
  2461 | D:2      | Found a hide-covered altar of Uskayaw.
  2463 | D:2      | Found an iron altar of Okawaru.
  2875 | D:3      | Found a hazy altar of Hepliaklqana.
  2890 | D:3      | Became a worshipper of Hepliaklqana
  3051 | D:3      | Reached XP level 5. HP: 37/37 MP: 0/9
  4077 | D:3      | Found a snail-covered altar of Cheibriados.
  4380 | D:3      | Noticed Sigmund
  4404 | D:3      | Killed Sigmund
  4404 | D:3      | Reached skill level 1 in Air Magic
  4404 | D:3      | Reached XP level 6. HP: 23/44 MP: 3/11
  4685 | D:4      | Reached * piety under Hepliaklqana
  5175 | D:5      | Entered Level 5 of the Dungeon
  5179 | D:5      | Reached XP level 7. HP: 43/49 MP: 12/12
  5572 | D:5      | Found a glowing golden altar of the Shining One.
  5573 | D:5      | Reached ** piety under Hepliaklqana
  5576 | D:5      | Remembered your ancestor The Fucker One as a knight
  6353 | D:5      | Reached XP level 8. HP: 55/55 MP: 14/14
  6908 | D:6      | Noticed a slime creature
  7068 | D:6      | Reached *** piety under Hepliaklqana
  7085 | D:6      | Reached skill level 5 in Spellcasting
  7098 | D:6      | Reached skill level 5 in Conjurations
  7141 | D:6      | Found a shimmering altar of Xom.
  7335 | D:6      | Killed a slime creature
  7493 | D:6      | Found Xonasam's Weapon Boutique.
  7644 | D:6      | Noticed Grinder
  7661 | D:6      | Reached XP level 9. HP: 47/66 MP: 5/16
  7678 | D:6      | Killed Grinder
  8195 | D:7      | Found Fiosk's Armour Shop.
  8370 | D:7      | Reached skill level 5 in Polearms
  8378 | D:7      | Reached skill level 5 in Fighting
  8673 | D:6      | Bought a +4 halberd of pain for 352 gold pieces
  8739 | D:8      | Found Zin's Purification Station.
  8739 | D:8      | Noticed Grum
  8743 | D:8      | Found a glowing silver altar of Zin.
  8752 | D:8      | Killed Grum
  9076 | D:8      | Reached **** piety under Hepliaklqana
  9134 | D:8      | Reached XP level 10. HP: 55/81 MP: 16/18
  9365 | D:8      | Reached skill level 1 in Invocations
  9384 | D:8      | Reached skill level 2 in Invocations
  9444 | D:8      | Reached skill level 3 in Invocations
  9756 | D:9      | Noticed an unseen horror
  9768 | D:9      | Killed an unseen horror
  9768 | D:9      | Reached skill level 5 in Invocations
 10041 | D:9      | Noticed Maurice
 10058 | D:9      | Killed Maurice
 10058 | D:9      | Reached skill level 6 in Invocations
 10321 | D:9      | Reached skill level 7 in Invocations
 10350 | D:9      | Noticed Pikel
 10362 | D:9      | Killed Pikel
 10362 | D:9      | Reached skill level 8 in Invocations
 10807 | D:9      | Found Vyecaik's Antique Weapon Emporium.
 10898 | D:9      | Reached ***** piety under Hepliaklqana
 11079 | D:9      | Reached skill level 9 in Invocations
 11453 | D:10     | Entered Level 10 of the Dungeon
 11909 | D:10     | Reached XP level 11. HP: 80/87 MP: 19/19
 11945 | D:10     | Found a staircase to the Lair.
 11995 | D:10     | Reached skill level 10 in Invocations
 13019 | D:10     | Reached skill level 11 in Invocations
 13192 | D:10     | Noticed a fire dragon
 13193 | D:10     | Noticed a griffon
 13205 | D:10     | Noticed a griffon
 13347 | D:11     | Noticed a hill giant
 14496 | D:11     | Found a staircase to the Orcish Mines.
 14863 | D:11     | Reached skill level 12 in Invocations
 14864 | D:11     | Noticed a brown ugly thing
 14884 | D:11     | HP: 3/87 [acid (3)]
 14885 | D:11     | Killed a brown ugly thing
 14887 | D:11     | Slain by a wyvern

Vault maps used:
D:1:      dpeg_arrival_morbid_curiosity
D:2:      minitemple, minmay_misc_feat_square, minmay_pentomino_x4
D:3:      cheibriados_altar_1, old_standard_altar, uniq_sigmund
D:4:      first_bread, minmay_misc_feat_encased
D:5:      basic_altar
D:6:      lemuel_slime, old_standard_altar, serial_glass, glass_columns_c,
          glass_columns_a, glass_columns_c, glass_columns_a, glass_columns_b,
          glass_columns_c, feat_on_display, serial_shops, kennysheep_mini,
          uniq_grinder
D:7:      kennysheep_mini_moat, serial_shops, nicolae_shop_trees, minmay_holes
D:8:      zin_purify, uniq_grum
D:9:      serial_shops, nicolae_shop_stone, uniq_pikel, uniq_maurice
D:10:     lair_0_dummy, david_nohive_1, minivault_12
D:11:     minmay_ice_pillars, hiddenorc2_lemuel, basic_altar

Skill      XL: |  1  2  3  4  5  6  7  8  9 10 11 |
---------------+----------------------------------+-----
Conjurations   | 1 2 3 4 5 |  5.4
Poison Magic   | 6 7 8 |  8.9
Spellcasting   | 3 4 5 |  5.4
Air Magic      | 1 2 3 4 |  4.3
Fighting       | 2 6 |  6.1
Polearms       | 3 6 |  6.2
Invocations    | 9 12 | 12.4
Dodging        | |  1.5
Stealth        | |  3.0

Action                   |  1- 3 |  4- 6 |  7- 9 | 10-12 || total
-------------------------+-------+-------+-------+-------++-------
Melee: Unarmed           |    15 |    11 |       |       ||    26
       Tailslap          |       |     6 |    25 |    27 ||    58
       Halberd           |       |    62 |   109 |   292 ||   463
       Trident           |       |       |   157 |       ||   157
 Cast: Sting             |    36 |    34 |     1 |     1 ||    72
       Mephitic Cloud    |       |     4 |     5 |    29 ||    38
       Olgreb's Toxic Ra |       |       |       |     5 ||     5
Invok: Ancestor Life: Kn |       |       |     1 |       ||     1
       Ancestor Identity |       |       |     1 |       ||     1
       Recall Ancestor   |       |       |       |     3 ||     3
       Idealise          |       |       |       |     1 ||     1
 Abil: Spit Poison       |    28 |    18 |     4 |     2 ||    52
Evoke: Wand              |       |       |       |     1 ||     1
  Use: Potion            |     3 |       |     2 |     4 ||     9
       Scroll            |       |       |    12 |     2 ||    14
 Stab: Sleeping          |       |     5 |     5 |     2 ||    12
       Confused          |       |       |     1 |     3 ||     4
       Distracted        |       |       |     1 |     3 ||     4
  Eat: Chunk             |     3 |     5 |     8 |     1 ||    17
       Fruit             |       |     1 |     2 |     2 ||     5
       Meat ration       |       |     1 |       |     2 ||     3
       Beef jerky        |       |       |     1 |       ||     1
       Royal jelly       |       |       |       |     1 ||     1
       Pizza             |       |       |       |     1 ||     1
Armor: Robe              |     3 |    11 |    38 |    56 ||   108
       Skin              |       |       |     1 |       ||     1
Dodge: Dodged            |    18 |    49 |    96 |   144 ||   307
